Unix NetHack Version 5.0.0-0 post-release - last build May 31 2026 23:59:36 (970b52f25bf058293b47ddfd14a1e40e571c508c,branch:main).

Game began 2026-06-06 00:38:36, ended 2026-06-06 00:53:53.

Jobair, lawful female dwarven Archeologist

             -----
             |..<.#############################
             +...|   ###----------------------.---------
             ---+-  ## #|...........@...........%...@q.|
                       #|   --------.......-----------.|
                       #           |------.|..|(!(|  +.|
                       #           |.....|.|..|.((|  |.|
                       #|          |.._..|.--||...|---.|
                       #|.. -+     |.....|....-(---....|
                       #|.....     |.....|.............|
         |             #|........{ --|----.{...........|
         |....-       ##|..............(...............|
         |             #|   -+---...........-+--|---...|
                       #        --------.---|  |...|...|
                       #           |%%.|.-..|  |?(?|...-
                       #           |%%.-.|..|  |?.(|...|
                       #           -----.----  -----...|
                       #               ...          ...|
                       #              -----        -----

Jobair the Field Worker    St:15 Dx:6 Co:15 In:13 Wi:16 Ch:9  Lawful
Dlvl:5  $:38 HP:0(40) Pw:13(13) AC:5  Xp:4 T:1510  Satiated

Latest messages:
 You lash the fog cloud.
 You miss the fog cloud.
 You feel clumsy!
 You haven't been working on reflexes lately.
 You miss the fog cloud.
 You destroy the fog cloud!
 Welcome to experience level 4.
 The large mimic hits!
 You lash the large mimic.
 The large mimic hits!
 You miss the large mimic.
 The large mimic hits!
 You lash the large mimic.
 You see a gas cloud dissipate.
 You miss the large mimic.
 You lash the large mimic.
 The large mimic hits!
 You lash the large mimic.
 You lash the large mimic.
 You lash the large mimic.
 You lash the large mimic.
 You miss the large mimic.
 You lash the large mimic.
 You miss the large mimic.
 The large mimic hits!
 You miss the large mimic.
 Step into that vapor cloud? [yn] (n) n
 Step into that vapor cloud? [yn] (n) y
 This door is locked.
 Unlock it with your lock pick? [ynq] (q) q
 You hear someone praising Camaxtli.
 You kill the jackal!
 You see here a jackal corpse.
 There is a jackal corpse here; eat it? [ynq] (n) y
 This jackal corpse is stringy.
 You stop eating the jackal corpse.
 You hear some noises in the distance.
 The rothe strikes at your displaced image and misses you!
 You miss the rothe.
 The rothe hits!
 The rothe bites!
 The rothe bites again!
 You lash the rothe.
 The rothe hits!
 You die...
 Do you want your possessions identified? [ynq] (y) y
 Do you want to see your attributes? [ynq] (y) y
 Do you want an account of creatures vanquished? [ynaq] (y) y
 Do you want to see your conduct and achievements? [ynq] (y) y
 Do you want to see the dungeon overview? [ynq] (y) y

Inventory:
 Coins    ('$')
  $ - 38 gold pieces
 Amulets  ('"')
  m - a blessed amulet of guarding (being worn)
 Weapons  (')')
  s - 17 +0 darts
  E - a cursed +0 dart
  t - a +0 orcish dagger
  a - a +2 bullwhip (weapon in right hand)
 Armor    ('[')
  c - an uncursed +0 fedora
  u - an uncursed +0 orcish helm (being worn)
  p - an uncursed +0 cloak of displacement (being worn)
  h - an uncursed +0 leather jacket (being worn)
 Comestibles  ('%')
  n - 2 uncursed cram rations
  v - 2 cursed cram rations
  d - 5 uncursed food rations
 Scrolls  ('?')
  w - a cursed scroll of identify
  l - an uncursed scroll of teleportation
 Potions  ('!')
  x - an uncursed potion of gain energy
  y - 2 uncursed potions of healing
  k - an uncursed potion of object detection
  o - a blessed potion of sleeping
 Rings    ('=')
  r - an uncursed +0 ring of increase accuracy
  F - an uncursed ring of searching
  z - a cursed ring of see invisible
 Tools    ('(')
  b - an uncursed sack containing 1 item
  A - a cursed sack containing 5 items
  B - a cursed blindfold
  C - a cursed lock pick
  D - a cursed lock pick
  i - a magic marker (0:20)
  H - an uncursed tallow candle
  f - a tinning kit (0:98)
 Gems/Stones  ('*')
  I - an uncursed worthless piece of black glass
  G - an uncursed worthless piece of green glass
  j - an uncursed worthless piece of orange glass
  q - 5 uncursed worthless pieces of yellow glass
  g - an uncursed touchstone

Contents of the sack:
  a +0 pick-axe

Contents of the sack:
  69 gold pieces
  an uncursed scroll of fire
  an uncursed scroll of teleportation
  an uncursed potion of gain ability
  an uncursed potion of sickness

Jobair the Archeologist's attributes:

Background:
 You were a Field Worker, a level 4 female dwarven Archeologist.
 You were lawful, on a mission for Quetzalcoatl
 who was opposed by Camaxtli (neutral) and Huhetotl (chaotic).
 You were right-handed.
 You were in the Gnomish Mines, on level 5.
 You entered the dungeon 1510 turns ago.
 It was the midnight hour.
 You had 97 experience points, 63 more were needed to attain level 5.

Basics:
 You had 0 out of 40 hit points.
 You had all 13 energy points (spell power).
 Your armor class was 5.
 Your wallet contained 38 zorkmids, and
 you had 69 more stashed away in your pack.
 Autopickup was off.

Final Characteristics:
 Your strength was 15 (limit:18/100).
 Your dexterity was 6 (peak:7, limit:20).
 Your constitution was 15 (limit:20).
 Your intelligence was 13 (limit:16).
 Your wisdom was 16 (limit:16).
 Your charisma was 9 (limit:16).

Final Status:
 You were satiated.
 You were unencumbered.
 You were wielding a whip.
 You had basic skill with whip.

Final Attributes:
 You were devoutly aligned.
 You had automatic searching.
 You had infravision.
 You were displaced.
 You had a small defense bonus (+2).
 You were protected.
 You are dead.

Miscellaneous:
 You encountered 1 bones level.
 Total elapsed playing time was 15 minutes and 13 seconds.

Major events:
 Turn
    1: Jobair the lawful female dwarven Archeologist entered the dungeon
  741: entered the Gnomish Mines
  835: attained the rank of Field Worker (level 3)
 1329: reached Mine Town
 1510: killed by a rothe

You didn't know any spells.

Skills:
 Fighting Skills
   bare handed combat [Unskilled]
   two weapon combat  [Unskilled]
   riding             [Unskilled]
 Weapon Skills
   dagger             [Unskilled]
   knife              [Unskilled]
   pick-axe           [Basic]
   short sword        [Unskilled]
   saber              [Unskilled]
   club               [Unskilled]
   quarterstaff       [Unskilled]
   sling              [Unskilled]
   dart               [Unskilled]
   boomerang          [Unskilled]
   whip               [Basic]
   unicorn horn       [Unskilled]
 Spellcasting Skills
   attack spells      [Unskilled]
   healing spells     [Unskilled]
   divination spells  [Unskilled]
   matter spells      [Unskilled]

Voluntary challenges:
 Character rerolling was not enabled.
 You never genocided any monsters.
 You never polymorphed an object.
 You never changed form.
 You used no wishes.
Achievements:
 You entered the Gnomish Mines.
 You attained the rank of Field Worker.
 You entered Minetown.
 You entered a temple.
 You entered a shop.

 The Dungeons of Doom: levels 1 to 2
    Level 1:
    Level 2:
       A fountain.
       Stairs down to The Gnomish Mines.
 The Gnomish Mines: levels 3 to 5
    Level 3:
       Final resting place for
          rzepol-Rog-Hum-Mal-Cha, killed by a gnome lord.
    Level 4:
    Level 5: <- You were here.
       Many shops, a temple and an altar, some fountains.
       Final resting place for
          you, killed by a rothe.


Vanquished creatures:
  a fog cloud
  a kitten
  a giant bat
  a werejackal
 an iguana
  a large kobold
  a hobgoblin
  7 gnomes
  a gecko
 16 jackals
  a fox
  a kobold
  a goblin
  2 sewer rats
  6 grid bugs
  a lichen
  2 newts
45 creatures vanquished.

No species were genocided or became extinct.

Game over:
                       ----------
                      /          \
                     /    REST    \
                    /      IN      \
                   /     PEACE      \
                  /                  \
                  |      Jobair      |
                  |      107 Au      |
                  |   killed by a    |
                  |      rothe       |
                  |                  |
                  |                  |
                  |       2026       |
                 *|     *  *  *      | *
        _________)/\\_//(\/(/\)/\//\/|_)_______

Goodbye Jobair the Archeologist...

You died in The Gnomish Mines on dungeon level 5 with 685 points,
and 107 pieces of gold, after 1510 moves.
You were level 4 with a maximum of 40 hit points when you died.

